 Dungeon Crawl Stone Soup version 0.29-a0-416-g83a48905f1 (webtiles) character file.

Game seed: 13674739464536622795

1894 jlumianski the Chopper (level 8, -4/61 HPs)
             Began as a Demonspawn Fighter on May 16, 2022.
             Was an Initiate of Qazlal.
             Slain by a wyvern (13 damage)
             ... on level 7 of the Dungeon.
             The game lasted 00:22:57 (8833 turns).

jlumianski the Chopper (Demonspawn Fighter)         Turns: 8833, Time: 00:22:58

Health: -4/61      AC: 19    Str: 19    XL:     8   Next: 93%
Magic:  8/8        EV:  6    Int: 10    God:    Qazlal [......]
Gold:   173        SH:  5    Dex: 12    Spells: 7/7 levels left

rFire   . . .      SeeInvis .   a - +1 war axe
rCold   + . .      Faith    .   c - +0 buckler
rNeg    + . .      Spirit   .   p - +0 plate armour
rPois   .          Reflect  .   (no helmet)
rElec   .          Harm     .   (no cloak)
rCorr   .          Rampage  .   D - +0 pair of gloves
Will    .....                   C - +2 pair of boots {Fly}
Stlth   ..........              (no amulet)
HPRegen 0.20/turn               g - ring of protection from cold
MPRegen 0.11/turn               k - ring of positive energy

@: flying
A: yellow scales 1, demonic guardian 1, demonic touch 2
a: Renounce Religion


You were on level 7 of the Dungeon.
You worshipped Qazlal.
Qazlal was noncommittal.
You visited 2 branches of the dungeon, and saw 9 of its levels.

You collected 403 gold pieces.
You spent 230 gold pieces at shops.

Inventory:

Hand Weapons
 a - a +1 war axe (weapon)
 z - a +0 arbalest
 B - a +2 whip of freezing
Missiles
 s - 5 poisoned darts
 t - 172 stones
 y - 5 boomerangs (quivered)
Armour
 b - a +0 scale mail
 c - a +0 buckler (worn)
 p - a +0 plate armour (worn)
 x - a +0 pair of boots
 A - +0 steam dragon scales
 C - a +2 pair of boots of flying (worn)
 D - a +0 pair of gloves (worn)
Jewellery
 g - a ring of protection from cold (left hand)
 k - a ring of positive energy (right hand)
 w - a ring of ice
Wands
 j - a wand of iceblast (10)
Scrolls
 h - a scroll of magic mapping
 i - 2 scrolls of enchant weapon
Potions
 d - 2 potions of might
 e - 8 potions of curing
 f - 2 potions of degeneration
 l - 2 potions of brilliance
 m - 3 potions of mutation
 n - 2 potions of magic
 o - 2 potions of berserk rage
 q - 4 potions of haste
 r - a potion of ambrosia
 u - a potion of attraction {unknown}
 v - a potion of flight {unknown}


   Skills:
 + Level 4.9 Fighting
 + Level 6.4 Axes
 + Level 0.7 Throwing
 + Level 5.9 Armour
 + Level 1.6 Dodging
 + Level 0.3 Stealth
 + Level 4.1 Shields
 * Level 4.3 Evocations


You had 7 spell levels left.
You didn't know any spells.
Your spell library contained the following spells:

 Spells                   Type           Power      Damage    Failure   Level
 Beastly Appendage        Tmut           0%         N/A       100%        1
 Foxfire                  Conj/Fire      0%         2x1d4     100%        1
 Ensorcelled Hibernation  Hex/Ice        0%         N/A       100%        2
 Passwall                 Tmut/Erth      0%         N/A       100%        2
 Sublimation of Blood     Necr           0%         N/A       100%        2
 Wereblood                Tmut           0%         N/A       100%        2
 Conjure Flame            Conj/Fire      0%         6-21      100%        3
 Gell's Gravitas          Tloc           0%         N/A       100%        3
 Inner Flame              Hex/Fire       0%         N/A       100%        3
 Lesser Beckoning         Tloc           0%         N/A       100%        3
 Portal Projectile        Hex/Tloc       0%         N/A       100%        3
 Spider Form              Tmut/Pois      0%         N/A       100%        3
 Summon Guardian Golem    Hex/Summ       0%         N/A       100%        3
 Swiftness                Air            0%         N/A       100%        3
 Teleport Other           Tloc           0%         N/A       100%        3
 Flame Wave               Conj/Fire      0%         2d4       100%        4
 Blade Hands              Tmut           0%         N/A       100%        5
 Excruciating Wounds      Necr           0%         N/A       100%        5
 Orb of Destruction       Conj           0%         9d5       100%        7
 Spellforged Servitor     Conj/Summ      0%         N/A       100%        7
 Summon Hydra             Summ           0%         N/A       100%        7


Dungeon Overview and Level Annotations

Branches:
Dungeon (8/15)             Temple (1/1) D:5
   Lair: D:8-11

Altars:
Ashenzari
Dithmenos
Fedhas
Gozag
Hepliaklqana
Kikubaaqudgha
Okawaru
Qazlal
Ru
Sif Muna
Trog
Uskayaw
Vehumet
Xom
Yredelemnul
Zin

Shops:
D:4 *   D:7 [


Innate Abilities, Weirdness & Mutations

You are partially covered in yellow scales. (AC +2)
A weak demonic guardian rushes to your aid.
Your touch may inflict irresistible damage on your foes.


Message History

You slash the wyvern!
The wyvern is moderately wounded.
You barely miss the wyvern. You block the wyvern's attack.
The wyvern bites you!
The wyvern bites you but does no damage. x2
You slash the wyvern!
The wyvern is severely wounded.
You hit the wyvern but do no damage. The wyvern barely misses you.
The wyvern bites you but does no damage. x2
The wyvern barely misses you.
You closely miss the wyvern.
The wyvern is heavily wounded.
You hit the wyvern but do no damage. The wyvern bites you!
The wyvern bites you.
* * * LOW HITPOINT WARNING * * *
You block the wyvern's attack. The wyvern bites you!
* * * LOW HITPOINT WARNING * * *
A demonic guardian appears!
The wyvern attacks as you move away! You block the wyvern's attack.
The wyvern attacks as you move away! The wyvern closely misses you.
You block the wyvern's attack.
Things that are here:
a +0 trident; a +0 robe You barely miss the wyvern.
The wyvern is heavily wounded.
The wyvern bites you but does no damage.
You slash the wyvern!
The wyvern is severely wounded.
The wyvern bites you but does no damage.
You block the wyvern's attack.
Your iron imp hits the wyvern!
The wyvern dies!
Qazlal accepts your kill. The wyvern bites you.
* * * LOW HITPOINT WARNING * * *
Your iron imp hits the wyvern!
The wyvern bites you but does no damage.
You barely miss the wyvern.
The wyvern is heavily wounded.
The wyvern bites you!
You die...

#...................##
#.....................
#........###.###....##
#........#..........##
#........#.#.###......
#........#.#..##.###.#
#####....#.....#......
#l5...............
#@##5.##.....###.#
#)##..........##.#
#.##....#........#
#.##.##.#.#.######
####..[..............
#.......##.###.######
#####.#.##.# #.......
#####.#....# #######.
#.....#)##.##### #.


You could see a wyvern (ally target) and a friendly iron imp (summoned).

Vanquished Creatures
  Pikel (D:6)
  2 water moccasins (D:7)
  Duvessa (Temple)
  A sky beast (D:6)
  2 black bears
  A lemure (D:6)
  2 scorpions
  Dowan (Temple)
  A hound (D:5)
  2 orc priests
  3 iguanas
  2 orc wizards
  3 adders
  2 shadow imps
  A white imp (D:7)
  An ufetubus (D:5)
  3 dart slugs (D:2)
  16 orcs
  5 ball pythons
  4 bats
  5 endoplasms
  2 giant cockroaches
  3 goblins
  7 hobgoblins
  7 quokkas
  A frilled lizard (D:1)
  2 kobolds
  6 rats
87 creatures vanquished.

Vanquished Creatures (collateral kills)
  A wyvern (D:7)
  A steam dragon (D:6)
  An iguana (D:5)
3 creatures vanquished.

Vanquished Creatures (others)
  3 fungi (D:4)
3 creatures vanquished.

Grand Total: 93 creatures vanquished

Notes
Turn   | Place    | Note
-------+----------+-------------------------------------------
     0 | D:1      | jlumianski the Demonspawn Fighter began the quest for the
                  | Orb.
     0 | D:1      | Reached XP level 1. HP: 18/18 MP: 1/1
   216 | D:1      | Found a faded altar of an unknown god.
   291 | D:1      | Gained mutation: A weak demonic guardian rushes to your
                  | aid. [demonic ancestry]
   291 | D:1      | Reached XP level 2. HP: 24/24 MP: 2/2
   419 | D:1      | Reached skill level 2 in Axes
  1215 | D:2      | Gained mutation: Your touch may inflict minor irresistible
                  | damage on your foes. [demonic ancestry]
  1215 | D:2      | Reached XP level 3. HP: 29/29 MP: 3/3
  1378 | D:2      | Found a bloodstained altar of Trog.
  2814 | D:3      | Noticed a black bear
  2840 | D:3      | Killed a black bear
  2841 | D:3      | Reached skill level 3 in Axes
  2841 | D:3      | Reached skill level 1 in Dodging
  2841 | D:3      | Reached XP level 4. HP: 15/35 MP: 4/4
  2841 | D:3      | Reached XP level 5. HP: 17/41 MP: 5/5
  3519 | D:4      | Found Xeixaiz's Lightly-Used Armoury.
  3977 | D:4      | Noticed an orc warrior
  4055 | D:5      | Entered Level 5 of the Dungeon
  4204 | D:5      | Found a staircase to the Ecumenical Temple.
  4214 | Temple   | Entered the Ecumenical Temple
  4219 | Temple   | Reached skill level 1 in Evocations
  4628 | Temple   | Became a worshipper of Qazlal Stormbringer
  4680 | D:4      | Noticed a black bear
  4690 | D:5      | Killed a black bear
  4691 | D:5      | Reached skill level 4 in Axes
  4691 | D:5      | Gained mutation: Your touch may inflict irresistible damage
                  | on your foes. [demonic ancestry]
  4691 | D:5      | Reached XP level 6. HP: 6/47 MP: 6/6
  5494 | D:5      | Reached XP level 7. HP: 49/53 MP: 7/7
  5552 | D:5      | Noticed Duvessa
  5552 | D:5      | Noticed Dowan
  5571 | D:5      | HP: 2/53 [Dowan/puff of frost (2)]
  5908 | Temple   | Killed Dowan
  5909 | Temple   | Killed Duvessa
  6602 | D:6      | Reached skill level 5 in Axes
  7514 | D:6      | Noticed a steam dragon
  7525 | D:6      | Killed a steam dragon
  7725 | D:7      | Noticed Pikel
  7825 | D:6      | Killed Pikel
  7826 | D:6      | Reached skill level 5 in Armour
  7826 | D:6      | Gained mutation: You are partially covered in yellow
                  | scales. (AC +2) [demonic ancestry]
  7826 | D:6      | Reached XP level 8. HP: 35/61 MP: 8/8
  7965 | D:7      | Found Udiuzaff's Armour Shoppe.
  7973 | D:7      | Bought a +1 pair of boots of flying for 181 gold pieces
  7985 | D:7      | Bought a +0 pair of gloves for 49 gold pieces
  8355 | D:7      | Reached skill level 6 in Axes
  8833 | D:7      | Slain by a wyvern

Illustrated notes

Levels and vault maps discovered:
D:1:      lightli_arrival_quake, layout_loops_cross,
          shapermc_ecumenical_altar_mp_vishouse, minmay_pentomino_o4
D:2:      minmay_angry_zag, layout_loops_corners, basic_altar,
          minmay_liquid_box, chequers_avenue
D:3:      layout_loops_ring
D:4:      layout_cave_pools, minmay_shop_damaged, uniq_crazy_yiuf_cottage
D:5:      layout_basic, zin_treasury, minmay_temple_entry_sparse_star,
          kennysheep_big_empty_room, hex_tiny, uniq_duvessa
D:6:      layout_layer_cave
D:7:      layout_basic, serial_shops, nicolae_shop_competitors_out_of_business,
          uniq_pikel
D:8:      layout_basic, david_lair_generic
Temple:   roderic_octagonal_lattice_temple

Skill      XL: |  1  2  3  4  5  6  7  8 |
---------------+-------------------------+-----
Armour         | 3 4 5 |  5.9
Axes           | 2 3 4 5 6 |  6.4
Dodging        | 1 |  1.6
Shields        | 3 4 |  4.1
Evocations     | 1 3 4 |  4.3
Fighting       | 4 |  4.9
Throwing       | |  0.7
Stealth        | |  0.3

Action                   |  1- 3 |  4- 6 |  7- 9 || total
-------------------------+-------+-------+-------++-------
Melee: War axe           |   140 |    82 |   131 ||   353
Throw: Dart              |     3 |       |       ||     3
       Boomerang         |       |       |     2 ||     2
  Use: Scroll            |     1 |     8 |     3 ||    12
       Potion            |     1 |     1 |     3 ||     5
 Stab: Distracted        |       |     1 |       ||     1
Armor: Scale mail        |    31 |       |       ||    31
       Plate armour      |    89 |    71 |   120 ||   280
Dodge: Dodged            |    45 |    17 |    32 ||    94
Block: Buckler           |    37 |    21 |    46 ||   104

Table legend: (Time is in decaauts)
 A = Elapsed time spent in this place.
 B = Non-inter-level travel time spent in this place.
 C = Inter-level travel time spent in this place.
 D = Time resting spent in this place.
 E = Time spent auto-exploring this place.
 F = Levels seen in this place.
 G = Mean time per level.
                   A        B        C        D        E       F      G
               +--------+--------+--------+--------+--------+-----+--------+
         Total |   8947 |   8771 |    176 |   1401 |   5461 |   9 |  994.1 |
       Dungeon |   8076 |   7900 |    176 |   1000 |   5089 |   8 | 1009.5 |
        Temple |    871 |    871 |      0 |    401 |    372 |   1 |  871.0 |
               +--------+--------+--------+--------+--------+-----+--------+

Top non-repeatable levels by time:
     D:6: 1698 daAuts
     D:2: 1532 daAuts
     D:5: 1419 daAuts
     D:1: 1080 daAuts
     D:3: 923 daAuts
  Temple: 871 daAuts
     D:7: 840 daAuts
     D:4: 573 daAuts
     D:8: 7 daAuts
